Map: Ultralove

Players

LiquidClem (Clem) - Winner!

  • Race: Terran Terran
  • Spawn Location: 7:00

Krystianer

  • Race: Protoss Protoss
  • League: Master
  • Spawn Location: 1:00

VOD

Have the link to the VOD?

Description

Time

  • Played on: Jan. 5, 2025, 2:13 p.m.
  • Length: 12:14
Show
View Real Time Build Order
Export as new Build Order

LiquidClem Terran - Winner!

Build Orders:  

Get SALT Encoding   

  12  0:00  SCV  
  13  0:12  SCV  
  14  0:16  Supply Depot  
  14  0:24  SCV  
  15  0:38  SCV  
  15  0:39  Barracks  
  15  0:42  Refinery  
  16  0:50  SCV  
  17  1:02  SCV  
  18  1:14  SCV  
  19  1:26  Marine, Orbital Command  
  20  1:40  Command Center  
  20  1:44  Barracks Reactor  
  20  1:49  Supply Depot  
  20  1:53  SCV  
  21  2:04  Factory  
  21  2:05  SCV  
  22  2:10  Refinery  
  22  2:17  SCV  
  22  2:19  Marine x2  
  25  2:29  SCV  
  26  2:37  Marine x2  
  26  2:41  SCV  
  29  2:48  Widow Mine  
  29  2:49  Starport  
  31  2:53  SCV  
  31  2:55  Marine x2  
  34  2:58  Orbital Command  
  34  3:06  SCV  
  34  3:10  Supply Depot  
  34  3:11  Widow Mine  
  37  3:16  Marine x2  
  37  3:18  SCV  
  40  3:23  SCV  
  40  3:25  Medivac  
  43  3:30  SCV  
  44  3:34  Marine x2  
  44  3:36  SCV  
  44  3:37  Widow Mine  
  44  3:40  Supply Depot  
  49  3:43  SCV  
  49  3:48  SCV  
  51  3:52  Marine x2, Barracks  
  53  3:56  Starport Tech Lab  
  53  3:57  SCV  
  53  3:59  Factory Tech Lab  
  53  4:02  SCV  
  55  4:06  Supply Depot  
  56  4:10  SCV  
  56  4:12  Marine x2  
  56  4:14  SCV  
  56  4:15  Raven  
  61  4:22  SCV  
  62  4:28  SCV, Siege Tank  
  64  4:31  Supply Depot  
  64  4:34  SCV  
  64  4:35  Refinery, Engineering Bay  
  61  4:40  Marine x2, SCV, Supply Depot  
  64  4:46  SCV  
  64  4:47  Barracks  
  64  4:51  Supply Depot  
  65  4:56  Stimpack  
  65  4:57  SCV  
  65  4:58  Marine x2  
  65  4:59  Marine  
  69  5:02  SCV  
  69  5:04  Siege Tank  
  73  5:08  Refinery  
  73  5:09  Terran Infantry Weapons Level 1  
  73  5:13  SCV  
  74  5:14  SCV  
  74  5:16  Marine x2  
  74  5:20  Marauder  
  79  5:22  Starport Reactor  
  79  5:24  Supply Depot  
  79  5:26  SCV x2  
  80  5:32  Supply Depot  
  80  5:35  Marine x2  
  80  5:38  SCV  
  80  5:41  Marauder  
  85  5:43  Factory Reactor  
  85  5:44  Combat Shield, Marauder  
  85  5:47  SCV  
  88  5:50  SCV  
  88  5:53  Marine x2  
  91  6:03  Marauder  
  93  6:05  Command Center  
  93  6:06  Medivac x2  
  93  6:09  Marauder  
  99  6:12  Marine x2  
  99  6:18  Supply Depot  
  101  6:23  Widow Mine x2  
  105  6:30  Marine x2  
  105  6:32  Barracks x2  
  107  6:35  Marauder  
  107  6:38  SCV, Supply Depot  
  112  6:40  SCV, Marauder  
  112  6:46  Medivac x2  
  117  6:48  Supply Depot  
  117  6:55  Marine  
  117  6:59  Marine, Widow Mine x2, SCV, Marauder  
  126  7:03  Concussive Shells  
  126  7:06  Supply Depot  
  126  7:10  SCV, Marauder  
  126  7:12  Marine, SCV  
  130  7:21  Marauder  
  130  7:22  SCV  
  133  7:23  Marine, Barracks Reactor, Barracks Tech Lab, Terran Infantry Armor Level 1  
  133  7:24  SCV  
  135  7:31  Viking  
  135  7:32  Marauder  
  135  7:33  Viking  
  135  7:34  SCV  
  135  7:36  SCV  
  143  7:37  Orbital Command  
  143  7:43  Marauder  
  143  7:44  Marine, Marauder  
  147  7:45  Marine  
  147  7:46  SCV  
  147  7:48  SCV  
  147  7:51  Supply Depot  
  151  7:52  Marine  
  151  7:54  Supply Depot  
  152  7:58  SCV  
  152  8:01  Marine x2  
  152  8:03  SCV  
  152  8:04  SCV  
  157  8:10  SCV, Marauder  
  157  8:11  Supply Depot  
  157  8:12  Marauder  
  158  8:13  Marauder  
  158  8:14  Marine x2  
  158  8:15  SCV  
  159  8:21  Viking  
  159  8:22  Viking  
  159  8:24  SCV  
  159  8:25  SCV  
  166  8:27  SCV  
  166  8:31  Marauder  
  166  8:34  Marauder  
  169  8:35  Marine x2  
  169  8:36  Marine  
  169  8:37  Marauder  
  164  8:41  Ghost Academy  
  164  8:43  Widow Mine  
  164  8:44  Marine, Widow Mine  
  164  8:46  SCV  
  161  8:52  Armory  
  161  8:53  Marauder  
  164  8:55  Viking  
  164  8:56  Engineering Bay  
  164  8:58  Viking  
  164  9:02  Supply Depot  
  168  9:03  SCV x3  
  168  9:07  Marauder x2  
  174  9:13  Supply Depot  
  174  9:15  Sensor Tower, Refinery  
  174  9:16  Ghost, Refinery  
  177  9:27  Viking  
  177  9:28  Ghost, Viking  
  177  9:29  Ghost  
  187  9:34  Marine  
  187  9:35  Marine  
  187  9:37  Marine x2  
  180  9:45  Ghost, Widow Mine x2  
  168  9:52  Marine  
  152  9:53  Marine  
  152  9:54  Marine  
  152  9:55  SCV  
  152  9:56  Ghost, SCV, Command Center  
  152  9:57  Marine  
  160  10:01  Medivac x2  
  160  10:02  Marine  
  165  10:09  Marine  
  165  10:10  SCV  
  165  10:11  Marine  
  165  10:12  Marine  
  165  10:13  SCV, Bunker, Supply Depot  
  166  10:14  SCV  
  166  10:15  Marine  
  166  10:18  Supply Depot  
  166  10:19  Marauder  
  166  10:21  Marauder  
  172  10:24  Widow Mine x2  
  172  10:27  Ghost  
  172  10:28  Marine  
  177  10:29  Marine  
  177  10:31  Marine  
  177  10:32  SCV  
  177  10:35  Marine  
  170  10:41  Marauder  
  170  10:42  Marauder  
  173  10:46  Marine x2, Widow Mine x2  
  153  10:53  Marine  
  153  10:55  Medivac  
  153  10:56  Medivac, Marauder, Marine  
  152  11:02  Marauder  
  152  11:03  Marine  
  153  11:05  SCV x3  
  153  11:07  Marine x2  
  159  11:15  Marine  
  159  11:18  Marine, Marauder  
  158  11:20  Barracks  
  158  11:21  Barracks x2  
  158  11:23  SCV  
  158  11:24  Marine  
  158  11:25  Starport  
  157  11:32  Ghost  
  157  11:34  Marine x2  
  157  11:37  Marine, Viking x2  
  157  11:38  Ghost  
  170  11:42  Ghost, SCV  
  170  11:43  Marine  
  170  11:46  SCV  
  171  11:47  SCV x2  
  162  11:54  SCV  
  162  11:55  Marine x2  
Show
View Real Time Build Order
Export as new Build Order

Krystianer Protoss 

Build Orders: 1 Gate Expand, Blink Stalkers, Colossus Rush 

Get SALT Encoding   

  12  0:00  Probe  
  13  0:12  Probe  
  14  0:17  Pylon  
  14  0:23  Probe  
  15  0:31  Probe  
  15  0:36  Gateway  
  15  0:39  Probe  
  16  0:45  Assimilator  
  17  0:50  Probe  
  18  1:03  Probe  
  19  1:15  Probe  
  20  1:23  Cybernetics Core  
  20  1:30  Nexus  
  20  1:33  Probe  
  20  1:39  Pylon  
  21  1:45  Probe  
  22  1:47  Assimilator  
  22  1:49  Adept  
  22  1:57  Probe  
  22  2:00  Warp Gate  
  25  2:09  Adept  
  25  2:10  Probe  
  26  2:22  Probe  
  29  2:29  Blink  
  29  2:30  Twilight Council  
  29  2:34  Probe  
  30  2:38  Stalker  
  30  2:41  Probe  
  33  2:46  Probe  
  34  2:54  Probe  
  34  2:58  Probe  
  36  3:06  Probe  
  36  3:10  Probe  
  38  3:18  Probe  
  39  3:22  Probe, Gateway  
  39  3:25  Gateway  
  40  3:28  Robotics Facility  
  40  3:30  Probe  
  41  3:34  Probe  
  41  3:38  Shield Battery  
  41  3:39  Pylon  
  42  3:44  Probe  
  42  3:46  Probe  
  44  3:48  Stalker  
  46  4:00  Nexus  
  46  4:02  Probe  
  47  4:03  Probe  
  48  4:11  Stalker  
  48  4:14  Assimilator, Probe  
  48  4:15  Probe  
  48  4:16  Observer  
  53  4:19  Pylon  
  53  4:26  Probe  
  48  4:31  Probe  
  48  4:33  Stalker x2  
  53  4:38  Probe  
  53  4:41  Observer  
  53  4:44  Probe  
  56  4:46  Pylon  
  56  4:50  Probe  
  57  4:56  Probe  
  58  5:02  Forge  
  58  5:03  Robotics Bay, Probe  
  58  5:04  Probe  
  58  5:06  Stalker x2  
  63  5:10  Probe  
  63  5:13  Probe  
  65  5:17  Probe  
  65  5:18  Probe  
  67  5:24  Charge, Probe  
  69  5:29  Probe  
  69  5:32  Gateway  
  69  5:33  Gateway, Probe  
  71  5:36  Probe  
  71  5:40  Gateway, Colossus  
  72  5:44  Gateway, Protoss Ground Weapons Level 1  
  72  5:46  Probe  
  72  5:48  Probe  
  74  5:54  Gateway  
  78  6:00  Probe  
  78  6:03  Probe  
  80  6:10  Shield Battery  
  80  6:12  Pylon  
  80  6:13  Pylon  
  80  6:18  Pylon, Extended Thermal Lance  
  80  6:19  Pylon  
  80  6:21  Zealot  
  80  6:24  Observer, Colossus  
  82  6:31  Zealot  
  82  6:32  Zealot x3  
  96  6:42  Pylon  
  96  6:45  Zealot x3  
  102  6:50  Zealot  
  102  6:52  Pylon  
  104  6:56  Shield Battery  
  104  7:04  Zealot x4, Colossus  
  112  7:10  Pylon  
  112  7:15  Zealot x4  
  125  7:23  Probe  
  125  7:32  Sentry  
  125  7:33  Nexus  
  125  7:34  Pylon  
  125  7:35  Robotics Facility  
  127  7:38  Assimilator, Probe x3  
  127  7:42  Zealot x2  
  127  7:44  Zealot  
  136  7:49  Protoss Ground Weapons Level 2  
  136  7:50  Probe x3  
  139  7:55  Pylon  
  139  7:59  Zealot x2  
  139  8:00  Zealot  
  145  8:05  Probe  
  140  8:14  Probe  
  140  8:17  Zealot x3  
  140  8:18  Zealot x2  
  149  8:22  Probe  
  149  8:24  Zealot x3  
  154  8:29  Probe  
  154  8:31  Pylon  
  154  8:32  Pylon  
  155  8:40  Zealot x4  
  153  8:42  Probe  
  140  8:49  Stalker x3  
  134  9:03  Stalker  
  134  9:06  Nexus  
  134  9:08  Nexus  
  134  9:09  Pylon  
  137  9:10  Probe x2  
  138  9:18  Sentry x3  
  144  9:25  Stalker x3  
  144  9:27  Probe  
  150  9:36  Colossus  
  134  9:39  Colossus  
  134  9:43  Zealot x4  
  134  9:44  Zealot  
  108  10:02  Zealot x2  
  112  10:13  Zealot x4  
  119  10:15  Zealot  
  119  10:18  Sentry  
  122  10:22  Sentry  
  122  10:28  Zealot  
  114  10:33  Zealot x4  
  102  10:38  Shield Battery  
  98  10:43  Zealot x2  
  98  10:48  Stalker x2  
  82  10:54  Zealot  
  82  10:56  Zealot x3  
  76  11:01  Colossus  
  70  11:04  Zealot x2  
  72  11:13  Zealot x2  
  72  11:16  Probe  
  83  11:19  Sentry x2  
  83  11:24  Probe  
  88  11:26  Zealot x3  
  88  11:31  Zealot  
  96  11:45  Zealot x4  
  90  11:49  Zealot x2  
  90  11:52  Zealot  
  90  11:53  Zealot  
Tags
 
Composition
Blink Stalkers
League
Master
Matchup
PvT
Spawn Locations
Cross Positions
Add a new tag
Caveats
  • Supply blocks, unpowered buildings, or Contaminate may cause inaccurate times.
  • Supply counts are checked every 10 seconds.